 Dungeon Crawl Stone Soup version 0.21.1-1-g345015f (webtiles) character file.

726 shakethe the Agent of Entropy (level 8, 0/58 HPs)
             Began as a Formicid Abyssal Knight on Feb 7, 2018.
             Was a Priest of Lugonu.
             Slain by a quasit (1 damage)
             ... summoned by Eustachio
             ... on level 5 of the Dungeon.
             The game lasted 00:19:01 (7506 turns).

shakethe the Agent of Entropy (FoAK)                Turns: 7506, Time: 00:19:04

Health: 0/58       AC: 10    Str: 17      XL:     8   Next: 2%
Magic:  13/13      EV:  7    Int: 12      God:    Lugonu [***...]
Gold:   167        SH:  0    Dex:  7 (12) Spells: 7/7 levels left

rFire    . . .     SeeInvis +   a - +1 hand axe
rCold    . . .     Gourm    .   (no shield)
rNeg     . . .     Faith    .   l - +0 chain mail
rPois    .         Spirit   .   (helmet unavailable)
rElec    .         Reflect  .   (no cloak)
rCorr    .         Harm     .   j - +0 pair of gloves
MR       .....                  o - +0 pair of boots
Stlth    ..........             (no amulet)
HPRegen  0.19/turn              (no ring)
MPRegen  0.13/turn              (no ring)

@: no status effects
A: permanent stasis, dig shafts and tunnels, four strong arms, antennae 3
a: Dig, Shaft Self, Depart the Abyss, Bend Space, Banish, Renounce Religion


You were on level 5 of the Dungeon.
You worshipped Lugonu.
Lugonu was most pleased with you.
You were not hungry.

You visited 1 branch of the dungeon, and saw 6 of its levels.
You visited the Abyss 1 time.

You collected 167 gold pieces.

Inventory:

Hand Weapons
 a - a +1 hand axe (weapon)
Armour
 b - a +0 leather armour
 j - a +0 pair of gloves (worn)
 l - a +0 chain mail (worn)
 o - a +0 pair of boots (worn)
Scrolls
 d - a scroll of identify {unknown}
 e - a scroll of enchant armour {unknown}
 f - a scroll of remove curse
 h - 2 scrolls of immolation {unknown}
 k - 2 scrolls of fear {unknown}
 m - 2 scrolls of amnesia {unknown}
 p - a scroll of magic mapping {unknown}
 q - a scroll of fog {unknown}
 r - a scroll of teleportation {unknown}
 s - a scroll of enchant weapon {unknown}
Potions
 g - 2 potions of haste {unknown}
 i - 2 potions of might {unknown}
 n - a potion of brilliance {unknown}
Comestibles
 c - 2 rations


   Skills:
 - Level 3.2 Fighting
 + Level 6.1 Axes
 - Level 2.1 Armour
 - Level 0.8 Dodging
 + Level 7.3 Invocations


You had 7 spell levels left.
You didn't know any spells.

Dungeon Overview and Level Annotations

Branches:
Dungeon (6/15)
 Temple: D:4-7

Altars:
Ashenzari
Hepliaklqana
Okawaru
Qazlal

Shops:
D:4 (

Annotations:
D:5 Eustachio


Innate Abilities, Weirdness & Mutations

You cannot be hasted, slowed, berserked, paralysed or teleported.
You can dig through walls and to a lower floor.
Your four strong arms can wield two-handed weapons with a shield.
You have a pair of large antennae on your head. (SInv)


Message History

The quasit barely misses you. The quasit closely misses you.
You hit Eustachio.
Eustachio is severely wounded.
You hit the iron imp. You completely miss the quasit.
You barely miss the quokka. The quokka bites you.
* * * LOW HITPOINT WARNING * * *
Eustachio hits you but does no damage.
The quasit bites you but does no damage.
The quasit barely misses you.
The quasit claws you but does no damage.
The iron imp hits you.
* * * LOW HITPOINT WARNING * * *
You don't have enough health at the moment.
The quasit bites you but does no damage.
The quasit closely misses you.
The quasit claws you but does no damage.
Eustachio casts a spell.
Eustachio blinks!
The iron imp barely misses you. The quasit barely misses you.
The quasit claws you.
You die...

#.#.....# #.#.#
#.#####.# #.#.. #.#
#.# # ### ######.#
#.# #r.....# #.#
#{###### #.#
#{#....# ##.##
#{#.##.# ##.ยง.## #
#{#..#.###..r@@##.##
#{##.#.#....55.....#
#.{..#.#.......##..#
######.#.##...## .#
#...###.## # #####
#.# #.# #.# #.#


You could see Eustachio, an iron imp, a quasit and a quokka.

Vanquished Creatures
  Grinder (D:3)
  Menkaure (D:4)
  A phantom (D:4)
  A bullfrog (D:6)
  A crimson imp (D:4)
  An orc wizard (D:4)
  A hound (D:4)
  An iguana (D:5)
  A hound skeleton (D:4)
  2 adders
  A shadow imp (D:5)
  An adder skeleton (D:4)
  2 worms (D:4)
  A dart slug (D:4)
  4 leopard geckos
  7 orcs
  A ball python (D:1)
  6 bats
  6 giant cockroaches
  13 goblins
  11 hobgoblins
  16 jackals
  A ball python skeleton (D:4)
  5 frilled lizards
  9 kobolds
  2 leopard gecko skeletons (D:4)
  9 rats
106 creatures vanquished.

Notes
Turn   | Place    | Note
-------+----------+-------------------------------------------
     0 | Abyss:1  | shakethe the Formicid Abyssal Knight began the quest for the Orb.
     0 | Abyss:1  | Reached XP level 1. HP: 18/18 MP: 2/2
    46 | Abyss:1  | Found a corrupted altar of Lugonu.
   100 | D:1      | Escaped the Abyss
   321 | D:1      | Reached XP level 2. HP: 19/24 MP: 3/3
   457 | D:1      | Reached skill level 3 in Invocations
   648 | D:1      | Reached XP level 3. HP: 29/29 MP: 5/5
   701 | D:1      | Reached ** piety under Lugonu
  1676 | D:2      | Found a shattered altar of Ashenzari.
  1759 | D:2      | Reached XP level 4. HP: 33/35 MP: 6/6
  2070 | D:2      | Found a stormy altar of Qazlal.
  2384 | D:3      | Found a hazy altar of Hepliaklqana.
  2533 | D:3      | Reached skill level 4 in Invocations
  3081 | D:3      | Noticed Grinder
  3230 | D:4      | Reached XP level 5. HP: 36/41 MP: 8/8
  3247 | D:4      | Noticed Eustachio
  3581 | D:4      | Noticed a phantom
  4055 | D:4      | Noticed Menkaure
  4065 | D:4      | Killed Menkaure
  4065 | D:4      | Reached skill level 5 in Invocations
  4065 | D:4      | Reached XP level 6. HP: 24/47 MP: 8/10
  4363 | D:4      | Found Fuajixys's Weapon Shoppe.
  4386 | D:4      | Reached *** piety under Lugonu
  4556 | D:4      | Killed a phantom
  4556 | D:4      | Reached skill level 5 in Axes
  4669 | D:4      | Reached skill level 6 in Invocations
  4669 | D:4      | Reached XP level 7. HP: 49/52 MP: 11/11
  5076 | D:4      | Found an iron altar of Okawaru.
  6344 | D:3      | Killed Grinder
  6344 | D:3      | Reached skill level 7 in Invocations
  6614 | D:5      | Entered Level 5 of the Dungeon
  7321 | D:6      | Reached XP level 8. HP: 30/58 MP: 13/13
  7505 | D:5      | HP: 1/58 [iron imp[Eustachio] (5)]
  7506 | D:5      | Slain by a quasit

Skill      XL: |  1  2  3  4  5  6  7 |
---------------+----------------------+-----
Invocations    | 3 4 5 6 7 |  7.3
Axes           | 3 4 5 6 |  6.1
Fighting       | |  3.2
Armour         | |  2.1
Dodging        | |  0.8

Action                   |  1- 3 |  4- 6 |  7- 9 || total
-------------------------+-------+-------+-------++-------
Melee: Hand axe          |   129 |   229 |   187 ||   545
Invok: Bend Space        |       |     2 |     1 ||     3
 Abil: Dig               |       |       |    10 ||    10
  Use: Scroll            |     1 |       |       ||     1
  Eat: Chunk             |     3 |     5 |     2 ||    10
       Ration            |       |     1 |     3 ||     4
Armor: Leather armour    |    41 |       |       ||    41
       Chain mail        |    32 |   152 |   207 ||   391
Dodge: Dodged            |    82 |    93 |   127 ||   302
